 Dungeon Crawl Stone Soup version 0.28-a0-828-g0121872642 (webtiles) character file.

Game seed: 2982037222878023972

113 iamoutofideas the Gusty (level 4, -1/36 HPs)
             Began as a Naga Air Elementalist on Nov 10, 2021.
             Slain by a water moccasin (5 damage)
             ... on level 5 of the Dungeon.
             The game lasted 00:02:50 (2761 turns).

iamoutofideas the Gusty (Naga Air Elementalist)     Turns: 2761, Time: 00:02:51

Health: -1/36      AC:  2    Str: 10    XL:     4   Next: 96%
Magic:  9/18       EV: 10    Int: 17    God:
Gold:   87         SH:  0    Dex: 11    Spells: 3/9 levels left

rFire   . . .      SeeInvis +   (no weapon)
rCold   . . .      Faith    .   (no shield)
rNeg    . . .      Spirit   .   a - +0 robe
rPois   +          Reflect  .   (no helmet)
rElec   .          Harm     .   (no cloak)
rCorr   +          Rampage  .   (no gloves)
Will    .....                   (no barding)
Stlth   ++........              i - amulet of the acrobat
HPRegen 0.12/turn               b - ring of magical power
MPRegen 0.16/turn               c - ring of resist corrosion

@: lethally poisoned (-1 -> -8), very slow
A: AC +1, large, see invisible, deformed body, poison resistance, slowness 2,
spit poison 1, naga tail 1
a: Spit Poison


You were on level 5 of the Dungeon.
You visited 1 branch of the dungeon, and saw 4 of its levels.

You collected 87 gold pieces.

Inventory:

Armour
 a - a +0 robe (worn)
Jewellery
 b - a ring of magical power (left hand)
 c - a ring of resist corrosion (right hand)
 i - an amulet of the acrobat (around neck)
 l - a +6 ring of strength
Scrolls
 d - 2 scrolls of identify {unknown}
 e - 2 scrolls of immolation {unknown}
 f - a scroll of brand weapon {unknown}
 h - a scroll of torment {unknown}
 k - a scroll of acquirement {unknown}
 n - a scroll of vulnerability {unknown}
 o - a scroll of teleportation {unknown}
 p - a scroll of enchant weapon {unknown}
Potions
 g - a potion of invisibility {unknown}
 j - 2 potions of degeneration {unknown}
 m - a potion of mutation {unknown}


   Skills:
 + Level 1.9 Dodging
 + Level 3.3 Stealth
 + Level 3.3 Spellcasting
 + Level 2.0 Conjurations
 + Level 3.7 Air Magic


You had 3 spell levels left.
You knew the following spells:

 Your Spells              Type           Power      Damage    Failure   Level
a - Shock                 Conj/Air       48%        1d6       4%          1
b - Static Discharge      Conj/Air       12%        N/A       8%          2
c - Swiftness             Air            15%        N/A       11%         3

Your spell library contained the following spells:

 Spells                   Type           Power      Damage    Failure   Level
 Beastly Appendage        Tmut           4%         N/A       17%         1
 Wereblood                Tmut           2%         N/A       26%         2
 Spider Form              Tmut/Pois      2%         N/A       45%         3
 Airstrike                Air            7%         N/A       34%         4


Dungeon Overview and Level Annotations

Branches:
Dungeon (3/15)

Altars:

Shops:
D:1 [


Innate Abilities, Weirdness & Mutations

Your serpentine skin is tough. (AC +1)
You have supernaturally acute eyesight. (SInv)
Armour fits poorly on your strangely shaped body.
Your system is resistant to poisons. (rPois)
You cover ground very slowly.
You can spit poison.
You have a snake-like lower body.


Message History

Confirm with . or Enter, or press ? or * to list all spells.
Aiming: Shock (safe; 5% risk of failure)
Press: ? - help, Shift-Dir - straight line, f/p - water moccasin
Aim: a water moccasin (lightly wounded, 48% to hit)
The zap misses the water moccasin.
The zap hits the shadow imp.
You kill the shadow imp!
The zap hits the ufetubus.
You kill the ufetubus!
The zap hits the iguana but does no damage.
The water moccasin barely misses you.
An orc comes into view. It is wielding a +0 short sword.
The water moccasin bites you but does no damage.
Your Conjurations skill increases to level 2!
Unknown command.
Casting: Shock (safe; 4% risk of failure)
Confirm with . or Enter, or press ? or * to list all spells.
Aiming: Shock (safe; 4% risk of failure)
Press: ? - help, Shift-Dir - straight line, f/p - water moccasin
Aim: a water moccasin (lightly wounded, 48% to hit)
The zap misses the water moccasin.
The zap hits the iguana but does no damage.
The orc shouts!
The water moccasin bites you!
* * * LOW HITPOINT WARNING * * *
You are lethally poisoned!
The water moccasin poisons you!
Unknown command.
Casting: Shock (safe; 4% risk of failure)
Confirm with . or Enter, or press ? or * to list all spells.
Aiming: Shock (safe; 4% risk of failure)
Press: ? - help, Shift-Dir - straight line, f/p - water moccasin
Aim: a water moccasin (lightly wounded, 48% to hit)
The zap hits the water moccasin.
The water moccasin is moderately wounded.
The zap hits the iguana.
The iguana is lightly wounded.
You have got your breath back.
* * * LOW HITPOINT WARNING * * *
You feel sick. The water moccasin bites you.
You die...

### ..# #.# #.#
. #@# . #S# .#
##l####.#
#.).....#
#.......#
#.......#..
#o.........
...............
.......##......


You could see a water moccasin, an iguana and an orc.

Vanquished Creatures
  5 adders
  A shadow imp (D:5)
  An ufetubus (D:5)
  A worm (D:3)
  An orc (D:5)
  4 bats
  8 endoplasms
  A giant cockroach (D:1)
  5 goblins
  4 hobgoblins
  6 jackals
  2 quokkas (D:3)
  4 ball pythons
  2 frilled lizards
  A kobold (D:1)
  2 rats
48 creatures vanquished.

Vanquished Creatures (others)
  27 plants (D:3)
27 creatures vanquished.

Grand Total: 75 creatures vanquished

Notes
Turn   | Place    | Note
-------+----------+-------------------------------------------
     0 | D:1      | iamoutofideas the Naga Air Elementalist began the quest for
                  | the Orb.
     0 | D:1      | Reached XP level 1. HP: 15/15 MP: 3/3
   238 | D:1      | Reached XP level 2. HP: 12/22 MP: 0/5
  1113 | D:1      | Found Gyenasty's Armour Shop.
  1316 | D:1      | Found a faded altar of an unknown god.
  1392 | D:2      | Reached XP level 3. HP: 28/28 MP: 2/6
  2195 | D:3      | Reached XP level 4. HP: 28/36 MP: 8/8
  2277 | D:3      | Learned a level 2 spell: Static Discharge
  2281 | D:3      | Learned a level 3 spell: Swiftness
  2743 | D:3      | You fall into a shaft and drop 2 floors!
  2743 | D:5      | Entered Level 5 of the Dungeon
  2746 | D:5      | Noticed a water moccasin
  2761 | D:5      | Slain by a water moccasin

Illustrated notes

Levels and vault maps discovered:
D:1:      mrwooster_arrival_statue_3, layout_loops_corners, serial_shops,
          nicolae_lakefront_shop, dreamdust_ecumenical_altar_hidden_monk_grotto
D:2:      layout_basic
D:3:      layout_basic, hangedman_decor_opposing, minivault_23,
          serial_bayou_lagoon_a
D:5:      layout_basic

Skill      XL: |  1  2  3  4 |
---------------+-------------+-----
Spellcasting   | 3 |  3.3
Conjurations   | 2 |  2.0
Dodging        | |  1.9
Stealth        | |  3.3
Air Magic      | |  3.7

Action                   |  1- 3 |  4- 6 || total
-------------------------+-------+-------++-------
Melee: Unarmed           |    10 |       ||    10
 Cast: Shock             |    53 |    43 ||    96
 Abil: Spit Poison       |     2 |     2 ||     4
Armor: Robe              |     3 |     8 ||    11
Dodge: Dodged            |    18 |    20 ||    38

Table legend: (Time is in decaauts)
 A = Elapsed time spent in this place.
 B = Non-inter-level travel time spent in this place.
 C = Inter-level travel time spent in this place.
 D = Time resting spent in this place.
 E = Time spent auto-exploring this place.
 F = Levels seen in this place.
 G = Mean time per level.
                   A        B        C        D        E       F      G
               +--------+--------+--------+--------+--------+-----+--------+
         Total |   3372 |   3300 |     72 |    243 |   2781 |   4 |  843.0 |
       Dungeon |   3372 |   3300 |     72 |    243 |   2781 |   4 |  843.0 |
               +--------+--------+--------+--------+--------+-----+--------+

Top non-repeatable levels by time:
     D:1: 1662 daAuts
     D:3: 845 daAuts
     D:2: 844 daAuts
     D:5: 20 daAuts
